 Dungeon Crawl Stone Soup version 0.28.0-45-g0d030f2227 (webtiles) character file.

Game seed: 4825441266832639555

42124 Peloso the Fencer (level 13, -11/124 HPs)
             Began as a Minotaur Fighter on Mar 30, 2022.
             Was the Champion of Okawaru.
             Killed by divine providence
             ... invoked by an orc priest
              (15 damage)
             ... on level 2 of the Orcish Mines.
             The game lasted 00:51:52 (21415 turns).

Peloso the Fencer (Minotaur Fighter)               Turns: 21415, Time: 00:51:54

Health: -11/124    AC: 25    Str: 25    XL:     13   Next: 83%
Magic:  13/13      EV: 22    Int:  5    God:    Okawaru [******]
Gold:   1190       SH:  6    Dex: 11    Spells: 12/12 levels left

rFire   + . .      SeeInvis +   a - +0 scimitar (flame)
rCold   + . .      Faith    .   c - +0 buckler
rNeg    . . .      Spirit   .   W - +2 crystal plate armour of the Earth {rElec rPois Regen+}
rPois   +          Reflect  .   L - +0 mask of the Dragon {Will+ Slay+3 SInv}
rElec   +          Harm     .   w - scarf {rC+ rF+}
rCorr   .          Rampage  .   (no gloves)
Will    ++...                   (no boots)
Stlth   ..........              l - amulet "Othryce" {Acrobat SInv}
HPRegen 1.10/turn               G - ring of willpower
MPRegen 0.13/turn               (no ring)

@: acrobatic
A: horns 2, retaliatory headbutt
a: Renounce Religion, Heroism, Finesse, Duel


You were on level 2 of the Orcish Mines.
You worshipped Okawaru.
Okawaru was exalted by your worship.
You visited 4 branches of the dungeon, and saw 18 of its levels.
You also visited: Ossuary and Bailey.

You collected 1318 gold pieces.
You spent 128 gold pieces at shops.

Inventory:

Hand Weapons
 a - a +0 scimitar of flaming (weapon)
 b - a +2 falchion of holy wrath
 K - a +2 vorpal hand crossbow
Armour
 c - a +0 buckler (worn)
 w - a scarf of resistance (worn)
 x - a +1 chain mail of cold resistance
 z - a +2 plate armour of fire resistance
 L - the +0 mask of the Dragon (worn) {Will+ Slay+3 SInv}
   (You found it in a bailey)

   Slay:      It affects your accuracy & damage with ranged weapons and melee
   (+3).
   SInv:      It lets you see invisible.
   Will:      It increases your willpower.
 W - the +2 crystal plate armour of the Earth (worn) {rElec rPois Regen+}
   (Okawaru gifted it to you on level 1 of the Lair of Beasts)

   rElec:     It insulates you from electricity.
   rPois:     It protects you from poison.
   Regen:     It increases your rate of health regeneration.
Jewellery
 l - the amulet "Othryce" (around neck) {Acrobat SInv}
   (You found it on level 3 of the Dungeon)

   [amulet of the acrobat]

   It increases your evasion while moving and waiting.
   SInv:      It lets you see invisible.
 G - a ring of willpower (left hand)
 O - a +6 ring of dexterity
 S - an amulet of reflection
 T - a ring of fire
Wands
 f - a wand of iceblast (4)
 v - a wand of digging (29)
 y - a wand of charming (17)
 B - a wand of paralysis (15)
 I - a wand of flame (24)
 R - a wand of polymorph (5)
 U - a wand of mindburst (6)
 V - a wand of acid (5)
Scrolls
 d - a scroll of immolation
 j - 3 scrolls of enchant armour
 m - 3 scrolls of amnesia
 n - 3 scrolls of noise
 o - 3 scrolls of teleportation
 p - 3 scrolls of silence
 s - 3 scrolls of summoning
 t - a scroll of magic mapping
 u - 2 scrolls of brand weapon
 F - a scroll of blinking
 H - 2 scrolls of fear
 J - 5 scrolls of fog
 Q - a scroll of holy word
Potions
 e - 2 potions of might
 g - 3 potions of mutation
 h - 3 potions of cancellation
 i - 2 potions of heal wounds
 k - 4 potions of degeneration {unknown}
 q - 6 potions of curing
 r - 2 potions of brilliance {unknown}
 A - 2 potions of ambrosia {unknown}
 C - 5 potions of flight
 D - 2 potions of attraction
 E - a potion of haste {unknown}
 M - 4 potions of resistance
 N - a potion of magic {unknown}


   Skills:
 + Level 14.0 Fighting
 + Level 16.3 Long Blades
 + Level 0.2 Throwing
 + Level 15.6 Armour
 + Level 5.4 Dodging
 + Level 2.3 Stealth
 + Level 10.3 Shields
 + Level 1.9 Invocations
 + Level 2.1 Evocations


You had 12 spell levels left.
You didn't know any spells.
Your spell library contained the following spells:

 Spells                   Type           Power      Damage    Failure   Level
 Freeze                   Ice            0%         1d3       100%        1
 Slow                     Hex            0%         N/A       100%        1
 Blink                    Tloc           0%         N/A       100%        2
 Corpse Rot               Necr/Air       0%         N/A       100%        2
 Confusing Touch          Hex            0%         N/A       100%        3
 Conjure Flame            Conj/Fire      0%         6-21      100%        3
 Frozen Ramparts          Ice            0%         1d2       100%        3
 Ignite Poison            Fire/Tmut/Pois 0%         N/A       100%        3
 Lesser Beckoning         Tloc           0%         N/A       100%        3
 Vampiric Draining        Necr           0%         2d6       100%        3
 Dispel Undead            Necr           0%         3d6       100%        4
 Hailstorm                Conj/Ice       0%         3d3       100%        4
 Sticky Flame             Conj/Fire      0%         2d3       100%        4
 Manifold Assault         Tloc           0%         N/A       100%        5
 Yara's Violent Unravell  Hex/Tmut       0%         3d3       100%        5
 Enfeeble                 Hex            0%         N/A       100%        7
 Death Channel            Necr           Unusable   N/A       N/A         6

Dungeon Overview and Level Annotations

Branches:
Dungeon (11/15)            Temple (1/1) D:6            Lair (4/6) D:11
  Swamp (0/4) Lair:2       Spider (0/4) Lair:2          Orc (2/2) D:11
Ossuary (visited)          Bailey (visited)
    Elf: Orc:2

Altars:
Ashenzari
Cheibriados
Dithmenos
Elyvilon
Fedhas
Gozag
Hepliaklqana
Kikubaaqudgha
Makhleb
Nemelex Xobeh
Okawaru
Qazlal
Ru
Sif Muna
Trog
Uskayaw
Vehumet
Wu Jian
Xom
Yredelemnul
Zin
The Shining One
Beogh

Shops:
Orc:2 !


Innate Abilities, Weirdness & Mutations

You have a pair of horns on your head.
You reflexively headbutt those who attack you in melee.


Message History

Unknown command.
The orc knight hits you with a +0 great mace.
The orc warrior hits you but does no damage.
The orc knight unwields a +0 arbalest.
The orc knight wields a +0 great sword.
The orc knight misses you. You block the orc warrior's attack.
You hit the orc knight but do no damage.
You headbutt the orc knight.
The orc knight is lightly wounded.
The orc knight hits you with a +0 great mace!
The orc warrior closely misses you.
Unknown command.
You slash the orc knight! You burn the orc knight.
The orc knight is moderately wounded.
The orc knight roars a battlecry!
The orc warriors go into a battle-frenzy!
The orc warrior hits you with a +0 dire flail.
The orc knight hits you with a +0 great mace!
The orc warrior barely misses you.
You slash the orc knight! You burn the orc knight.
Your headbutt misses the orc knight.
The orc knight is severely wounded.
The orc priest looks encouraged for a moment.
You block the orc knight's attack.
The orc warrior hits you with a +0 dire flail!
The orc knight roars a battlecry!
The orc high priest goes into a battle-frenzy!
The orc warrior hits you but does no damage.
You barely miss the orc knight.
The orc knight is severely wounded.
The orc knight hits you with a +0 great sword!!
* * * LOW HITPOINT WARNING * * *
The orc warrior hits you with a +0 dire flail!!
* * * LOW HITPOINT WARNING * * *
The orc knight misses you. You furiously retaliate!
You headbutt the orc knight, but do no damage.
The orc warrior hits you with a +0 halberd.
* * * LOW HITPOINT WARNING * * *
The orc priest invokes the aid of Beogh against you.
Beogh smites you!
You die...

##.....[[...### ####...#
#....[.##.## ##.###.##
##......### #........
###........# #.....))
##..........######....##)
##.............##.......#)
#..........o...#....#o....
##...))..ooo.o............
##....<)..@.#.....4#.......
#......)..oo.#.............
###.....#######..#.........
####.......#..####.......
##.....#...## ##......
#...........## ##.##..
#.#..........# ###...
###....##.#.## ##.#
#...####### ###


You could see 2 orc knights, 2 orc warriors and 3 orc priests.

Vanquished Creatures
  Saint Roka (Orc:2)
  Rupert (Orc:2)
  Gastronok (Lair:3)
  An orc warlord (Orc:1)
  Erica (D:8)
  4 hydras
  A boulder beetle (D:11)
  An ogre mage (Orc:2)
  6 two-headed ogres
  4 death yaks (Lair:2)
  Sonja (Lair:1)
  An orc knight (Bailey)
  An ugly thing (D:11)
  A cyclops (D:11)
  4 elephants (Lair:2)
  2 torpor snails (Lair:2)
  3 black mambas
  A gargoyle (D:11)
  2 unseen horrors (D:11)
  2 cane toads (Lair:1)
  2 kobold demonologists (D:9)
  3 komodo dragons
  3 trolls
  2 polar bears
  11 dream sheep (Lair:2)
  Prince Ribbit (D:8)
  3 blink frogs (Lair:1)
  Sigmund (D:3)
  2 wraiths
  5 humans (D:10)
  2 wyverns
  16 yaks
  2 basilisks (Lair:3)
  3 vampire mosquitoes (D:9)
  Menkaure (D:5)
  5 wargs
  10 water moccasins
  Duvessa (D:5)
  17 orc warriors
  3 sky beasts
  2 black bears
  3 necrophages
  A hornet zombie (D:7)
  9 wolves
  A centaur (D:9)
  4 ogres
  12 bullfrogs
  2 gnoll sergeants
  15 kobold brigands
  6 scorpions
  Dowan (D:5)
  2 water moccasin skeletons
  18 killer bees
  4 howler monkeys (D:10)
  7 wights
  6 electric eels
  3 hounds
  A jelly (D:5)
  A bullfrog skeleton (D:7)
  4 centaur zombies
  A gnoll shaman (D:10)
  11 orc priests
  A bullfrog zombie (D:6)
  Jessica (D:3)
  3 iguanas (D:6)
  9 orc wizards
  Ijyb (D:5)
  3 mummies
  3 howler monkey zombies (D:9)
  23 gnolls
  6 adders
  A shadow imp (D:6)
  2 white imps (D:5)
  5 worms
  4 dart slugs
  42 orcs
  2 bats
  4 endoplasms
  9 giant cockroaches
  7 goblins
  4 hobgoblins
  40 kobolds
  4 quokkas
  6 ball pythons
  2 frilled lizards
  7 gnoll skeletons (Ossuary)
  A goblin zombie (D:5)
  5 kobold skeletons (Ossuary)
  13 orc skeletons (Ossuary)
  11 rats
  A rat zombie (D:5)
466 creatures vanquished.

Vanquished Creatures (others)
  11 fungi
  33 plants
44 creatures vanquished.

Grand Total: 510 creatures vanquished

Notes
Turn   | Place    | Note
-------+----------+-------------------------------------------
     0 | D:1      | Peloso the Minotaur Fighter began the quest for the Orb.
     0 | D:1      | Reached XP level 1. HP: 19/19 MP: 0/0
   145 | D:1      | HP: 1/20 [gnoll/+0 flail (7)]
   148 | D:1      | Reached XP level 2. HP: 1/27 MP: 1/1
   487 | D:1      | Found a faded altar of an unknown god.
   692 | D:1      | Reached skill level 3 in Long Blades
   887 | D:1      | Reached XP level 3. HP: 33/33 MP: 2/2
  1059 | D:2      | Found a burning altar of Makhleb.
  1663 | D:2      | Reached XP level 4. HP: 21/40 MP: 3/3
  2074 | D:2      | Identified the +2 falchion of Winter {chaos, Contam Str+6
                  | Int+4}
  2642 | D:3      | Noticed Sigmund
  2951 | D:3      | Killed Sigmund
  2952 | D:3      | Reached skill level 4 in Long Blades
  2952 | D:3      | Reached skill level 5 in Armour
  2952 | D:3      | Reached skill level 1 in Dodging
  2952 | D:3      | Reached XP level 5. HP: 23/47 MP: 4/4
  2952 | D:3      | Reached XP level 6. HP: 26/53 MP: 5/5
  2980 | D:3      | Identified the amulet "Othryce" {Acrobat SInv}
  3148 | D:3      | Noticed Jessica
  3152 | D:3      | Killed Jessica
  3153 | D:3      | Reached skill level 5 in Long Blades
  3921 | D:4      | Reached skill level 5 in Fighting
  3921 | D:4      | Reached skill level 6 in Long Blades
  3921 | D:4      | Reached XP level 7. HP: 60/61 MP: 6/6
  4408 | D:4      | Found a sparkling altar of Nemelex Xobeh.
  4445 | D:5      | Entered Level 5 of the Dungeon
  4464 | D:5      | Found a sand-covered staircase.
  4483 | Ossuary  | Entered an ossuary
  4483 | Ossuary  | Noticed a wraith
  4483 | Ossuary  | Noticed a wraith
  4483 | Ossuary  | Noticed a wraith
  4798 | Ossuary  | Noticed a wraith
  4849 | Ossuary  | HP: 2/61 [wraith (9)]
  4853 | Ossuary  | Killed a wraith
  5149 | D:5      | Reached skill level 7 in Long Blades
  5359 | D:5      | Noticed Duvessa
  5359 | D:5      | Noticed Dowan
  5377 | D:5      | Killed Duvessa
  5378 | D:5      | Reached XP level 8. HP: 43/69 MP: 7/7
  5407 | D:5      | Killed Dowan
  5582 | D:5      | Found a white marble altar of Elyvilon.
  5655 | D:5      | Noticed Ijyb
  5662 | D:5      | Killed Ijyb
  5691 | D:5      | Noticed Menkaure
  5704 | D:5      | Reached skill level 5 in Shields
  5705 | D:5      | Killed Menkaure
  5706 | D:5      | Reached skill level 8 in Long Blades
  5706 | D:5      | Reached skill level 1 in Stealth
  6776 | D:6      | Reached skill level 9 in Long Blades
  7070 | D:6      | Reached XP level 9. HP: 78/78 MP: 8/8
  7083 | D:6      | Found a staircase to the Ecumenical Temple.
  7137 | Temple   | Entered the Ecumenical Temple
  7948 | D:6      | Found a burning altar of Makhleb.
  7948 | D:6      | Found a hide-covered altar of Uskayaw.
  8439 | D:7      | Reached skill level 10 in Long Blades
  9397 | D:8      | Found an iron altar of Okawaru.
  9424 | D:8      | Became a worshipper of Warmaster Okawaru
  9928 | D:8      | Noticed Prince Ribbit
  9945 | D:8      | Killed Prince Ribbit
  9946 | D:8      | Reached skill level 11 in Long Blades
  9984 | D:8      | Noticed Erica
 10005 | D:8      | Killed Erica
 10005 | D:8      | Reached * piety under Okawaru
 10006 | D:8      | Reached XP level 10. HP: 19/89 MP: 9/9
 10691 | D:9      | Found a basalt altar of Yredelemnul.
 10691 | D:9      | Found a blossoming altar of Fedhas.
 10765 | D:9      | Found a flagged portal.
 10784 | Bailey   | Entered a bailey
 10798 | Bailey   | Noticed an orc knight
 10833 | Bailey   | Killed an orc knight
 10833 | Bailey   | Reached ** piety under Okawaru
 10834 | Bailey   | Reached skill level 10 in Armour
 10834 | Bailey   | Reached skill level 1 in Evocations
 10841 | Bailey   | Reached skill level 5 in Dodging
 11295 | Bailey   | Reached skill level 1 in Invocations
 11402 | Bailey   | Found the +0 mask of the Dragon {Will+ Slay+3 SInv}
 11853 | D:9      | Reached skill level 12 in Long Blades
 12084 | D:9      | Reached *** piety under Okawaru
 12184 | D:10     | Entered Level 10 of the Dungeon
 12544 | D:10     | Reached XP level 11. HP: 98/99 MP: 10/10
 12563 | D:9      | Reached skill level 10 in Fighting
 13322 | D:10     | Reached **** piety under Okawaru
 13344 | D:10     | Reached skill level 13 in Long Blades
 13377 | D:10     | Received a gift from Okawaru
 13484 | D:10     | Noticed a two-headed ogre
 13750 | D:10     | Killed a two-headed ogre
 14150 | D:11     | Found a staircase to the Orcish Mines.
 14437 | D:11     | Noticed a two-headed ogre
 14477 | D:10     | Killed a two-headed ogre
 14880 | D:11     | Reached ***** piety under Okawaru
 15023 | D:11     | Found a staircase to the Lair.
 15033 | D:11     | Noticed a boulder beetle
 15057 | D:11     | Killed a boulder beetle
 15058 | D:11     | Reached skill level 14 in Long Blades
 15285 | D:11     | Noticed a brown ugly thing
 15297 | D:11     | Killed a brown ugly thing
 15915 | Lair:1   | Entered Level 1 of the Lair of Beasts
 16053 | Lair:1   | Noticed a six-headed hydra
 16056 | Lair:1   | Reached XP level 12. HP: 89/110 MP: 12/12
 16064 | Lair:1   | Killed a three-headed hydra
 16565 | Lair:1   | Noticed Sonja
 16572 | Lair:1   | Killed Sonja
 16572 | Lair:1   | Identified the +2 crystal plate armour of the Earth {rElec
                  | rPois Regen+} (Okawaru gifted it to you on level 1 of the
                  | Lair of Beasts)
 16572 | Lair:1   | Received a gift from Okawaru
 16695 | Lair:1   | Noticed a seven-headed hydra
 16700 | Lair:1   | Noticed a five-headed hydra
 16703 | Lair:1   | Killed a three-headed hydra
 16708 | Lair:1   | Killed a two-headed hydra
 17313 | Lair:2   | Noticed a death yak
 17313 | Lair:2   | Noticed a death yak
 17313 | Lair:2   | Noticed a death yak
 17333 | Lair:2   | Killed a death yak
 17338 | Lair:2   | Noticed a death yak
 17348 | Lair:2   | Killed a death yak
 17349 | Lair:2   | Reached skill level 15 in Long Blades
 17350 | Lair:2   | Killed a death yak
 17356 | Lair:2   | Killed a death yak
 17513 | Lair:2   | Found a staircase to the Swamp.
 17735 | Lair:2   | Found a hole to the Spider Nest.
 17815 | Lair:2   | You fall into a shaft and drop 1 floor!
 17906 | Lair:3   | Noticed a seven-headed hydra
 17913 | Lair:3   | Killed a one-headed hydra
 17914 | Lair:3   | Reached XP level 13. HP: 87/119 MP: 13/13
 17982 | Lair:3   | Noticed Gastronok
 18005 | Lair:3   | Killed Gastronok
 18308 | Lair:2   | Reached ****** piety under Okawaru
 18815 | Lair:2   | Identified the +1 plate armour "Regip" {Rampage Int+2}
                  | (Okawaru gifted it to you on level 2 of the Lair of Beasts)
 18815 | Lair:2   | Received a gift from Okawaru
 20064 | Orc:1    | Entered Level 1 of the Orcish Mines
 20073 | Orc:1    | Noticed an orc warlord
 20239 | D:11     | Reached skill level 16 in Long Blades
 20268 | Orc:1    | Killed an orc warlord
 20269 | Orc:1    | Reached skill level 10 in Shields
 20546 | Orc:2    | Entered Level 2 of the Orcish Mines
 20674 | Orc:1    | Reached skill level 15 in Armour
 20880 | Orc:2    | Noticed Rupert
 20895 | Orc:2    | Killed Rupert
 21057 | Orc:2    | Found Ujalim's Distillery.
 21061 | Orc:2    | Noticed Saint Roka
 21176 | Orc:2    | Killed Saint Roka
 21293 | Orc:2    | Bought a potion of heal wounds for 80 gold pieces
 21293 | Orc:2    | Bought a potion of attraction for 48 gold pieces
 21415 | Orc:2    | HP: 4/124 [orc warrior/+0 halberd (4)]
 21415 | Orc:2    | Killed from afar by an orc priest

Illustrated notes

Levels and vault maps discovered:
D:1:      shiori_arrival_maze, layout_loops_ring,
          chequers_ecumenical_altar_island, minmay_misc_feat_columns
D:2:      layout_rooms, basic_altar
D:3:      layout_basic, uniq_sigmund, uniq_jessica
D:4:      layout_basic, nemelex_dance_club_becter
D:5:      layout_basic, general_overflow_altar, enter_ossuary_4, uniq_menkaure,
          uniq_duvessa, uniq_ijyb
D:6:      cheibrodos_helix_gallery, layout_basic,
          gammafunk_temple_overflow_elements, minmay_temple_entry_butterflies
D:7:      layout_loops_ring
D:8:      nicolae_cairo_tiling_very_big, layout_cave_pools, lemuel_round_altar,
          serial_co_window_serial, co_window_cross_1,
          co_window_of_opportunity_a, co_window_paths_a,
          co_window_of_opportunity_a, co_window_corner_a,
          co_window_of_opportunity_b, co_window_corner_cb,
          co_window_of_opportunity_b, co_window_paths_e, co_window_4corner_a,
          glass_columns_a, glass_columns_c, glass_columns_a, glass_columns_a,
          glass_columns_a, uniq_erica, uniq_prince_ribbit1
D:9:      layout_long_grid, jmf_multi_god_temple, enter_bailey_2, serial_undead,
          serial_undead_d, serial_undead_d, serial_undead_d, serial_undead_c,
          serial_undead_c
D:10:     layout_rooms, special_room [special_room_kobold], serial_bayou,
          serial_bayou_lake_a, serial_bayou_shore_a, serial_bayou_pond_b,
          serial_bayou_pond_e, minmay_ruffians
D:11:     layout_roguey, lair_entry_dummy, orc_david_3
Temple:   eino_wide_crystal_templ
Lair:1:   layout_regular_city, serial_bayou_shore_b, uniq_sonja
Lair:2:   layout_cave_pods, swamp_mist_pool, nicolae_spider_entry_non_spiders,
          grunt_megastairs_1, infiniplex_staircase_pool
Lair:3:   layout_loops_ring, uniq_gastronok
Lair:4:   layout_gridlike
Orc:1:    layout_caves, serial_shops, shop, basic_altar, nicolae_orc_pool_cavern
Orc:2:    st_orc_pillars, layout_diamond_mine, serial_shops,
          nicolae_shop_advertising_works [nicolae_subvault_shop_adworks],
          mines3_lemuel, uniq_rupert, uniq_saint_roka

Skill      XL: |  1  2  3  4  5  6  7  8  9 10 11 12 13 |
---------------+----------------------------------------+-----
Armour         | 4 5 6 8 9 10 12 14 15 | 15.6
Fighting       | 4 5 6 8 9 11 12 14 | 14.0
Long Blades    | 3 4 6 7 9 11 12 14 15 16 | 16.3
Shields        | 4 5 6 7 8 9 10 | 10.3
Dodging        | 1 2 3 4 5 |  5.4
Stealth        | 1 2 |  2.3
Evocations     | 1 2 |  2.1
Invocations    | 1 |  1.9
Throwing       | |  0.2

Action                   |  1- 3 |  4- 6 |  7- 9 | 10-12 | 13-15 || total
-------------------------+-------+-------+-------+-------+-------++-------
Melee: Long sword        |    72 |    98 |   376 |       |       ||   546
       Headbutt          |     9 |    13 |    56 |   108 |    83 ||   269
       Scimitar          |       |       |       |   548 |   308 ||   856
Throw: Throwing net      |       |       |       |     1 |       ||     1
Invok: Heroism           |       |       |       |     8 |     5 ||    13
Evoke: Wand              |       |       |     7 |     9 |       ||    16
  Use: Scroll            |       |       |     6 |     6 |     5 ||    17
       Potion            |       |       |     5 |     1 |     2 ||     8
 Stab: Paralysed         |       |       |       |     1 |       ||     1
Armor: Scale mail        |    53 |    48 |    62 |       |       ||   163
       Chain mail        |       |       |    62 |    15 |       ||    77
       Plate armour      |       |       |       |   182 |       ||   182
       Crystal plate arm |       |       |       |    71 |   140 ||   211
Dodge: Dodged            |    55 |    67 |   183 |   314 |   106 ||   725
Block: Buckler           |    19 |    18 |    82 |   149 |    73 ||   341
